[Event "Titled Tuesday Blitz November 15 Early 2022"]
[White "Zemlyanskii, Ivan"]
[Black "Salman, Pavel"]
[WhiteFideId "24249971"]
[BlackFideId "24153753"]
[WhiteElo "2107"]
[BlackElo "2187"]
[Result "1-0"]
[Round "02"]
[TimeControl "180+1"]
[Date "2022.11.16"]
[WhiteClock "0:00:08"]
[BlackClock "0:00:11"]

1. d4 Nf6 2. c4 c5 3. d5 b5 4. Nf3 bxc4 5. Nc3 e6 6. e4 exd5 7. e5 Ng8 8. Qxd5 Nc6 9. Bxc4 Qe7 10. Nb5 Kd8 11. Nd6 Kc7 12. Nxf7 Bb7 13. Qd1 Nh6 14. Nxh8 Nxe5 15. Nxe5 Qxe5+ 16. Kf1 Bd6 17. Bxh6 Rxh8 18. Be3 Rf8 19. Qe2 h5 20. f3 h4 21. Bf2 Qg5 22. h3 Rf4 23. Rd1 Qf6 24. b3 Rxf3 25. Rxd6 Kxd6 26. gxf3 Bxf3 27. Qd2+ Kc7 28. Rg1 d5 29. Bxd5 Qa1+ 30. Be1 Qf6 31. Bxf3 Qxf3+ 32. Bf2 Qxh3+ 33. Ke1 Qe6+ 34. Qe3 Qf6 35. Qxc5+ Kb7 36. Qxa7+ Kc8 37. Qc5+ Kb7 38. Qb6+ Qxb6 39. Bxb6 Kxb6 40. Rxg7 h3 41. Rh7 Kb5 42. Rxh3 Kb4 43. Kd2 1-0


[Site "https://www.chess.com"]

[Event "Titled Tuesday Blitz November 15 Early 2022"]
[White "Zhao, Jun"]
[Black "Guimaraes, Wagner Peixoto"]
[WhiteFideId "8602522"]
[BlackFideId "2100940"]
[WhiteElo "2547"]
[BlackElo "2231"]
[Result "1-0"]
[Round "02"]
[TimeControl "180+1"]
[Date "2022.11.16"]
[WhiteClock "0:00:45"]
[BlackClock "0:00:10"]

1. c4 e5 2. Nc3 Nf6 3. g3 Nc6 4. Bg2 Bb4 5. Nd5 d6 6. a3 Bc5 7. b4 Bd4 8. Rb1 a6 9. e3 Ba7 10. Ne2 Bf5 11. d3 e4 12. d4 Nxd5 13. cxd5 Ne7 14. Nc3 h5 15. Qc2 h4 16. Bxe4 Bh3 17. Ne2 Qd7 18. Nf4 Bg4 19. h3 g5 20. hxg4 gxf4 21. gxf4 O-O-O 22. Bf5 Nxf5 23. Qxf5 Qxf5 24. gxf5 Rdg8 25. Ke2 Kd7 26. Kf3 Rh5 27. Bb2 Rxf5 28. Rxh4 Rxd5 29. Rh7 Ke7 30. Rc1 c6 31. a4 Rf5 32. e4 Rf6 33. d5 Rfg6 34. dxc6 bxc6 35. Rxc6 Bb8 36. Rb6 d5 37. Rb7+ Ke6 38. f5+ 1-0


[Site "https://www.chess.com"]

[Event "Titled Tuesday Blitz November 15 Early 2022"]
[White "Zivkovic, Nemanja"]
[Black "Kollars, Dmitrij"]
[WhiteFideId "942154"]
[BlackFideId "12909572"]
[WhiteElo "2372"]
[BlackElo "2584"]
[Result "0-1"]
[Round "02"]
[TimeControl "180+1"]
[Date "2022.11.15"]
[WhiteClock "0:01:08"]
[BlackClock "0:02:08"]

1. e4 e6 2. d3 d5 3. Nd2 c5 4. Ngf3 Nc6 5. g3 Nf6 6. Bg2 Qc7 7. O-O Be7 8. Re1 b6 9. exd5 Nxd5 10. Ne4 Bb7 11. c3 O-O 12. Qc2 Rad8 13. h4 h6 14. Bd2 f5 15. Bc1 fxe4 16. dxe4 Nf6 17. Bf4 e5 18. Be3 Ng4 19. Nd2 Nxe3 20. Rxe3 c4 21. Nxc4 Bc5 22. Rf3 Rxf3 23. Bxf3 Qf7 24. Nd2 Rxd2 25. Qxd2 Qxf3 0-1


[Site "https://www.chess.com"]

[Event "Titled Tuesday Blitz November 15 Early 2022"]
[White "parintele_chess"]
[Black "Golubova, Anna"]
[BlackFideId "24173606"]
[WhiteElo "2226"]
[BlackElo "2047"]
[Result "0-1"]
[Round "02"]
[TimeControl "180+1"]
[Date "2022.11.16"]
[WhiteClock "0:00:02"]
[BlackClock "0:00:39"]

1. d4 g6 2. Bf4 Bg7 3. Nf3 d6 4. c3 Nf6 5. Nbd2 O-O 6. e4 Nbd7 7. Be2 Nh5 8. Be3 e5 9. O-O Qe7 10. dxe5 dxe5 11. Nc4 Nf4 12. Bxf4 exf4 13. Nfd2 Nc5 14. Qc2 a6 15. b4 Ne6 16. a4 Bd7 17. a5 Bb5 18. Rfe1 Rad8 19. Rad1 Qf6 20. e5 Qe7 21. Nf3 Rxd1 22. Rxd1 Rd8 23. h3 Rd7 24. Nb2 Bc6 25. Re1 Qd8 26. c4 Bxf3 27. Bxf3 Nd4 28. Qe4 Nxf3+ 29. Qxf3 Rd2 30. Na4 c6 31. Nc5 Qd4 32. e6 fxe6 33. Nxe6 Qxc4 34. Nxf4 Qf7 35. Qe3 Rd7 36. Qc5 Bf8 37. Qg5 Qf5 38. Qxf5 gxf5 39. Re8 Kf7 40. Rb8 Bxb4 41. Ne2 Rd1+ 42. Kh2 Bd6+ 43. g3 Bxb8 0-1


[Site "https://www.chess.com"]

[Event "Titled Tuesday Blitz November 15 Early 2022"]
[White "Acor, Corey"]
[Black "Grapsa, Georgia"]
[WhiteFideId "2024861"]
[BlackFideId "4206436"]
[WhiteElo "2340"]
[BlackElo "1877"]
[Result "1-0"]
[Round "03"]
[TimeControl "180+1"]
[Date "2022.11.16"]
[WhiteClock "0:00:14"]
[BlackClock "0:00:14"]

1. e4 d5 2. exd5 Qxd5 3. Nc3 Qa5 4. g3 Nf6 5. Bg2 c6 6. Nge2 Bg4 7. h3 Bxe2 8. Qxe2 e6 9. d3 Nbd7 10. O-O Qc7 11. Re1 Bd6 12. Bd2 O-O 13. a3 Rfe8 14. Ne4 Nxe4 15. dxe4 Be5 16. c3 Rad8 17. Rad1 g6 18. f4 Bg7 19. e5 Bf8 20. Kh2 Nb6 21. Be3 Rxd1 22. Rxd1 Rd8 23. Rd3 Rxd3 24. Qxd3 Nc8 25. b4 a6 26. c4 Ne7 27. Be4 Nf5 28. Bf2 Be7 29. g4 Ng7 30. Kg2 Kf8 31. Qd4 Ne8 32. Be3 b5 33. Bf3 Qb7 34. Qe4 bxc4 35. Qxc4 Nc7 36. Qxc6 Qxc6 37. Bxc6 Nb5 38. a4 Nc3 39. b5 axb5 40. axb5 Bd8 41. b6 Nd5 42. Bc5+ Kg7 43. b7 Bc7 44. Bxd5 exd5 45. Bd6 1-0


[Site "https://www.chess.com"]

[Event "Titled Tuesday Blitz November 15 Early 2022"]
[White "Adel, Sara"]
[Black "Muminova, Nafisa"]
[WhiteFideId "10616764"]
[BlackFideId "14201526"]
[WhiteElo "1994"]
[BlackElo "2258"]
[Result "1/2-1/2"]
[Round "03"]
[TimeControl "180+1"]
[Date "2022.11.16"]
[WhiteClock "0:00:15"]
[BlackClock "0:00:15"]

1. e4 e6 2. d4 d5 3. Nd2 Nf6 4. e5 Nfd7 5. Bd3 c5 6. c3 Nc6 7. Ne2 cxd4 8. cxd4 f6 9. exf6 Nxf6 10. Nf3 Bd6 11. Bg5 O-O 12. a3 Qc7 13. Rc1 Bd7 14. O-O Be8 15. b4 a6 16. Qc2 h6 17. Be3 Bh5 18. Ng3 Bg4 19. Nh4 g5 20. Ng6 Rfe8 21. h3 Bh5 22. Nxh5 Nxh5 23. Qe2 Nf6 24. h4 Bh2+ 25. Kh1 Bf4 26. hxg5 hxg5 27. g3 Bxe3 28. Qxe3 Nh7 29. Ne5 Qg7 30. Nxc6 bxc6 31. Rxc6 Nf8 32. Kg2 Rac8 33. Qc1 Rxc6 34. Qxc6 Re7 35. Rh1 Qxd4 36. Qd6 Qf6 37. f4 Rf7 38. Qe5 Qxe5 39. fxe5 Kg7 40. Rh5 Rc7 41. Rxg5+ Kf7 42. Rh5 Rc3 43. Bb1 Rb3 44. Rh1 Rxa3 45. Rf1+ Ke7 46. Kh3 Rb3 47. Bc2 Rxb4 48. Ra1 Rb6 49. Bd3 Nd7 50. Rxa6 Rxa6 51. Bxa6 Nxe5 52. Be2 d4 53. g4 Kf6 54. Kg3 d3 55. Bd1 Kg5 56. Bb3 Kf6 57. Kf4 d2 58. g5+ Kg6 59. Kxe5 Kxg5 60. Kxe6 Kf4 61. Kd5 Ke3 62. Kc4 Ke2 63. Kc3 d1=Q 64. Bxd1+ 1/2-1/2


[Site "https://www.chess.com"]

[Event "Titled Tuesday Blitz November 15 Early 2022"]
[White "Ahn, Hongjin"]
[Black "Prokofiev, Valentyn"]
[WhiteFideId "13201492"]
[BlackFideId "14160161"]
[WhiteElo "2182"]
[BlackElo "2259"]
[Result "0-1"]
[Round "03"]
[TimeControl "180+1"]
[Date "2022.11.16"]
[WhiteClock "0:00:20"]
[BlackClock "0:01:09"]

1. c4 g6 2. d4 Bg7 3. e4 c5 4. Nf3 d6 5. Nc3 Nf6 6. h3 O-O 7. Be3 cxd4 8. Nxd4 b6 9. g4 Bb7 10. Bg2 Nbd7 11. O-O Nc5 12. Qc2 Rc8 13. Rad1 Qe8 14. b4 Ne6 15. Nxe6 fxe6 16. e5 Bxg2 17. exf6 Bxf6 18. Kxg2 Rxc4 19. Rd3 Qc6+ 20. Kg1 Rxc3 21. Rxc3 Qxc3 22. Qe4 Kf7 23. g5 Be5 24. f4 Bg7 25. Kg2 Rc8 26. Bf2 Qc6 27. Qxc6 Rxc6 28. a4 Rc4 29. Rb1 Rxf4 30. a5 Bd4 31. Bg3 Rf5 32. axb6 Bxb6 33. h4 e5 34. Re1 Ke6 35. Kh3 Bf2 36. Bxf2 Rxf2 37. Ra1 Rf3+ 38. Kg2 Rf4 39. b5 Rb4 40. Rxa7 Rxb5 41. Kg3 Rb3+ 42. Kg4 Rb4+ 43. Kg3 d5 44. Ra8 Rb3+ 45. Kg4 d4 46. Rh8 d3 47. Rd8 Rb4+ 48. Kf3 Rd4 49. Rxd4 exd4 0-1


[Site "https://www.chess.com"]

[Event "Titled Tuesday Blitz November 15 Early 2022"]
[White "Aldokhin, Ivan"]
[Black "Durarbayli, Vasif"]
[WhiteFideId "24115720"]
[BlackFideId "13402935"]
[WhiteElo "2561"]
[BlackElo "2847"]
[Result "0-1"]
[Round "03"]
[TimeControl "180+1"]
[Date "2022.11.16"]
[WhiteClock "0:00:01"]
[BlackClock "0:00:21"]

1. e4 c5 2. Nf3 d6 3. d4 cxd4 4. Nxd4 Nf6 5. Nc3 a6 6. Bc4 e6 7. Bb3 b5 8. O-O Bb7 9. Re1 b4 10. Na4 Be7 11. c4 Nxe4 12. Qf3 Nc5 13. Qg3 O-O 14. Bh6 Bf6 15. Rad1 Nbd7 16. Bc2 Nxa4 17. Bxa4 Ne5 18. c5 Qa5 19. c6 Qxa4 20. cxb7 Rab8 21. b3 Qxa2 22. f4 Ng6 23. Bg5 Bxd4+ 24. Rxd4 Rxb7 25. h4 h5 26. Qf3 Rc7 27. Rd3 Rc2 0-1


[Site "https://www.chess.com"]

[Event "Titled Tuesday Blitz November 15 Early 2022"]
[White "Alfaro, William"]
[Black "Palencia Morales, Wilson Guillermo"]
[WhiteFideId "6100457"]
[BlackFideId "4401859"]
[WhiteElo "2096"]
[BlackElo "2160"]
[Result "0-1"]
[Round "03"]
[TimeControl "180+1"]
[Date "2022.11.16"]
[WhiteClock "0:00:09"]
[BlackClock "0:00:03"]

1. e4 c5 2. Nf3 d6 3. d4 cxd4 4. Nxd4 Nf6 5. Nc3 g6 6. f3 Bg7 7. Be3 O-O 8. Qd2 Nc6 9. Nb3 Be6 10. O-O-O a5 11. Nd4 Nxd4 12. Bxd4 a4 13. a3 Qa5 14. Kb1 Rfc8 15. g4 Rab8 16. h4 b5 17. h5 b4 18. axb4 Qxb4 19. Nd5 Bxd5 20. Qxb4 Rxb4 21. exd5 Rxd4 22. Rxd4 Nxh5 23. Rxa4 Ng3 24. Rg1 Nxf1 25. Rxf1 Rb8 26. b3 Rb5 27. Rd1 Be5 28. Ka2 Kg7 29. c4 Rb7 30. b4 Rc7 31. Kb3 h5 32. Ra5 h4 33. Rh1 Bg3 34. c5 Rc8 35. c6 Kf6 36. Kc4 Ke5 37. b5 e6 38. dxe6 Kxe6 39. Ra7 d5+ 40. Kb4 Rb8 41. Ka5 d4 42. Rd7 Bf2 43. b6 d3 44. Rxd3 Bxb6+ 45. Ka6 Bc7 46. Re1+ Kf6 47. Rd7 Bg3 48. Rg1 Rb2 49. c7 Rc2 50. Kb7 Rb2+ 51. Kc8 Rc2 52. Kd8 Bxc7+ 53. Rxc7 Rf2 54. Kc8 Rxf3 55. Rc6+ Kg5 56. Rc5+ Kf4 57. g5 Rg3 58. Rc4+ Kxg5 59. Rf1 f5 60. Kd7 h3 61. Rc2 Kg4 62. Ke6 Rg2 63. Rc3 f4 64. Ke5 g5 65. Ke4 Re2+ 66. Kd3 Re3+ 67. Kd2 Rxc3 68. Kxc3 Kg3 69. Rh1 Kg2 70. Kd2 Kxh1 71. Ke2 Kg2 0-1


[Site "https://www.chess.com"]

[Event "Titled Tuesday Blitz November 15 Early 2022"]
[White "Alhadad, Mahmoud"]
[Black "Player, Edmund C"]
[WhiteFideId "11501863"]
[BlackFideId "406520"]
[WhiteElo "1955"]
[BlackElo "2103"]
[Result "0-1"]
[Round "03"]
[TimeControl "180+1"]
[Date "2022.11.16"]
[WhiteClock "0:00:02"]
[BlackClock "0:01:08"]

1. e4 e5 2. d4 exd4 3. Bc4 Nf6 4. Nf3 d5 5. exd5 Bb4+ 6. c3 dxc3 7. O-O O-O 8. Nxc3 h6 9. Bf4 Bg4 10. h3 Bh5 11. g4 Bg6 12. g5 Nh5 13. Qd2 Nxf4 14. Qxf4 Bd6 15. Qg4 h5 16. Qg2 Nd7 17. Nh4 Ne5 18. Nxg6 fxg6 19. Be2 Qd7 20. Ne4 Rf4 21. Nxd6 Qxd6 22. Rac1 Raf8 23. Rc3 h4 24. f3 R8f5 25. Kh1 Nf7 26. Qf2 Rxg5 27. Qc5 Qd7 28. Rf2 Qxh3+ 29. Rh2 Qg3 30. Qxc7 Qg1# 0-1


[Site "https://www.chess.com"]

[Event "Titled Tuesday Blitz November 15 Early 2022"]
[White "Andreikin, Dmitry"]
[Black "Milikow, Yoav"]
[WhiteFideId "4158814"]
[BlackFideId "2822237"]
[WhiteElo "2736"]
[BlackElo "2341"]
[Result "1-0"]
[Round "03"]
[TimeControl "180+1"]
[Date "2022.11.15"]
[WhiteClock "0:00:13"]
[BlackClock "0:00:06"]

1. e4 e5 2. Nf3 Nf6 3. Nxe5 d6 4. Nf3 Nxe4 5. Bd3 Nf6 6. O-O Be7 7. h3 d5 8. c3 O-O 9. Bc2 Re8 10. Re1 Nbd7 11. d4 Nf8 12. Bg5 h6 13. Bh4 Ng6 14. Bxg6 fxg6 15. Ne5 g5 16. Bg3 Ne4 17. Rxe4 dxe4 18. Qb3+ Kh7 19. Nd2 e3 20. fxe3 Rf8 21. Ndf3 Bd6 22. Rf1 Qe8 23. Qd5 Be6 24. Qe4+ Bf5 25. Nxg5+ hxg5 26. Rxf5 Rxf5 27. Qxf5+ Kg8 28. c4 c5 29. Qxg5 cxd4 30. exd4 Rd8 31. Kh2 Bb8 32. d5 Rd6 33. b3 Rf6 34. h4 Rh6 35. Ng4 Rg6 36. Qf5 Bxg3+ 37. Kxg3 Qe1+ 38. Kh3 Qh1+ 39. Kg3 Qe1+ 40. Kf4 Ra6 41. Qc8+ Kh7 42. Qf5+ Kg8 43. h5 Qd2+ 44. Kg3 Rxa2 45. Qe6+ Kh7 46. Qe4+ Kg8 47. h6 gxh6 48. Nf6+ Kf7 49. Qe6+ Kg7 50. Nh5+ Kf8 51. Qf6+ Ke8 52. Ng7+ Kd7 53. Qe6+ Kc7 54. Qe7+ Kb6 55. Qd6+ 1-0


[Site "https://www.chess.com"]

[Event "Titled Tuesday Blitz November 15 Early 2022"]
[White "Antonova, Nadezhda"]
[Black "Papayan, Oleg"]
[WhiteFideId "14700182"]
[BlackFideId "4193911"]
[WhiteElo "1813"]
[BlackElo "2153"]
[Result "0-1"]
[Round "03"]
[TimeControl "180+1"]
[Date "2022.11.16"]
[WhiteClock "0:00:00"]
[BlackClock "0:00:03"]

1. Nf3 Nf6 2. b3 c5 3. Bb2 Nc6 4. g3 d5 5. Bg2 Qc7 6. O-O e5 7. d3 Be7 8. Nbd2 O-O 9. e3 Bg4 10. h3 Bh5 11. g4 Bg6 12. Nh4 d4 13. Nxg6 fxg6 14. a3 Rad8 15. Qe2 Nd5 16. Ne4 b6 17. Rae1 Qd7 18. Kh1 Rde8 19. Bc1 Bd8 20. Ng3 Nc3 21. Qd2 Nb1 22. Qd1 Nc3 23. Qd2 Bh4 24. Ne4 Nd5 25. Bb2 dxe3 26. fxe3 Bxe1 27. Rxe1 Qe7 28. Ng3 Rd8 29. Qe2 Qh4 30. Ne4 Kh8 31. Rd1 Nf6 32. Nf2 Ne7 33. Bxe5 Nh5 34. gxh5 Rxf2 35. Qg4 Qxg4 36. hxg4 Rxc2 37. h6 Kg8 38. Bxg7 Rf2 39. d4 cxd4 0-1


[Site "https://www.chess.com"]

[Event "Titled Tuesday Blitz November 15 Early 2022"]
[White "Ardila, Oscar Humberto"]
[Black "Sariego Figueredo, Wilfredo"]
[WhiteFideId "4404742"]
[BlackFideId "3500080"]
[WhiteElo "1959"]
[BlackElo "2309"]
[Result "1/2-1/2"]
[Round "03"]
[TimeControl "180+1"]
[Date "2022.11.16"]
[WhiteClock "0:00:25"]
[BlackClock "0:00:25"]

1. d4 d5 2. c4 c6 3. e3 Nf6 4. Nf3 Bf5 5. Be2 e6 6. O-O Bd6 7. Nc3 Nbd7 8. b3 O-O 9. Bb2 Qe7 10. Rc1 Ba3 11. Bxa3 Qxa3 12. Qd2 Ne4 13. Nxe4 Bxe4 14. Ng5 Nf6 15. Nxe4 Nxe4 16. Qc2 a5 17. Bd3 Nf6 18. h3 a4 19. Rb1 axb3 20. Rxb3 Qxa2 21. Qxa2 Rxa2 22. Rxb7 Rd2 23. Rb3 Rxd3 24. Rxd3 dxc4 25. Rc3 Ne4 26. Rxc4 Nd2 27. Rxc6 Nxf1 28. Kxf1 g6 29. Ke2 Kg7 30. f4 Rb8 31. Kf3 h5 32. g4 hxg4+ 33. hxg4 Rb3 34. Rc7 Kf6 35. Ke4 Rb5 36. g5+ Kg7 37. Ra7 Rd5 38. Rc7 Rf5 39. Rd7 Ra5 40. Rc7 Rd5 41. Rc5 Rd7 42. d5 exd5+ 43. Rxd5 Ra7 44. Re5 Kf8 45. Kf3 Ra6 46. Kg4 Ra4 47. Kf3 Kg7 48. Re4 Ra5 49. Rd4 Kf8 50. Ke4 Ke7 51. Rc4 Kd7 52. Rb4 Rc5 53. Rb7+ Ke6 54. Rb6+ Ke7 55. Rb7+ Ke6 56. Rb6+ Ke7 57. Kd4 Ra5 58. Rb4 Rf5 59. Ke4 Ra5 60. Kf3 Ke6 61. e4 Ke7 62. Kg4 Ke6 63. Rb6+ Ke7 64. f5 gxf5+ 65. exf5 Kf8 66. Rf6 Kg7 67. Rd6 Ra1 68. Kf4 Re1 69. Rd3 Rf1+ 70. Rf3 Rg1 71. Rg3 Re1 72. Rf3 Re2 73. Re3 Rg2 74. Rg3 Re2 75. Rf3 Re1 76. Rf2 Rg1 77. Rf3 Re1 78. Rf2 Rg1 79. Rf3 Re1 1/2-1/2


[Site "https://www.chess.com"]

[Event "Titled Tuesday Blitz November 15 Early 2022"]
[White "Astafurov, Arseniy"]
[Black "Pinero Rodriguez, Carlos Jose"]
[WhiteFideId "24175218"]
[BlackFideId "3901726"]
[WhiteElo "2163"]
[BlackElo "2146"]
[Result "1-0"]
[Round "03"]
[TimeControl "180+1"]
[Date "2022.11.16"]
[WhiteClock "0:01:18"]
[BlackClock "0:02:06"]

1. c4 Nf6 2. Nc3 e6 3. e4 c5 4. e5 Ng8 5. d4 cxd4 6. Qxd4 Nc6 7. Qf4 Qc7 8. Nf3 Bb4 9. Bd2 Bxc3 10. Bxc3 Nge7 11. Qg3 Ng6 12. h4 h5 13. Bd3 b6 14. Bxg6 fxg6 15. Qxg6+ Kd8 16. Ng5 Nxe5 17. Qxg7 Nd3+ 18. Kf1 Re8 19. Nf7+ Ke7 20. Bf6# 1-0


[Site "https://www.chess.com"]

[Event "Titled Tuesday Blitz November 15 Early 2022"]
[White "Atakishiyev, Elmar"]
[Black "Gholami Orimi, Mahdi"]
[WhiteFideId "13410547"]
[BlackFideId "12558486"]
[WhiteElo "2194"]
[BlackElo "2330"]
[Result "1/2-1/2"]
[Round "03"]
[TimeControl "180+1"]
[Date "2022.11.15"]
[WhiteClock "0:00:08"]
[BlackClock "0:00:13"]

1. d4 Nf6 2. c4 g6 3. Nf3 Bg7 4. Bg5 O-O 5. Nc3 c5 6. d5 d6 7. e4 e5 8. dxe6 fxe6 9. Be2 Nc6 10. O-O h6 11. Be3 Ng4 12. Bd2 Nge5 13. Be3 Nxf3+ 14. Bxf3 Nd4 15. Bxd4 cxd4 16. Nb5 e5 17. Bg4 a6 18. Bxc8 Rxc8 19. Na3 h5 20. Qb3 Rf7 21. Nc2 Qc7 22. Na3 Bh6 23. Rad1 Kg7 24. Rd3 Qc6 25. f3 Be3+ 26. Kh1 Qxe4 27. c5 d5 28. Nc2 Rxc5 29. Nxe3 dxe3 30. Rxe3 Qf4 31. Rc3 Rxc3 32. Qxc3 d4 33. Qb4 d3 34. Qc3 Rd7 35. Rd1 Qd4 36. Qxd4 Rxd4 37. Kg1 Kf6 38. Kf2 e4 39. fxe4 Ke5 40. Ke3 Rxe4+ 41. Kxd3 Rd4+ 42. Kc2 Rxd1 43. Kxd1 Ke4 44. Ke2 b6 45. h4 a5 46. a4 Kf4 47. Kf2 Ke4 48. Ke2 Kd4 49. Kf3 Kc4 50. Kf4 Kb4 51. Kg5 Kxa4 52. Kxg6 Kb3 53. Kxh5 Kxb2 54. g4 a4 55. g5 a3 56. g6 a2 57. g7 a1=Q 58. g8=Q Qd1+ 59. Kh6 b5 60. h5 b4 61. Qg7+ Ka2 62. Qa7+ Kb1 63. Kg6 Qc2+ 64. Kg7 b3 65. h6 Qg2+ 66. Kf7 Qf3+ 67. Kg7 Qg4+ 68. Kf7 Qf4+ 69. Kg7 Qg5+ 70. Kh7 b2 71. Qd4 Kc2 72. Qc4+ Kb1 73. Qf1+ Kc2 74. Qc4+ Kd2 75. Qd4+ Kc1 76. Qc4+ Kb1 77. Qf1+ Ka2 78. Qc4+ Ka3 79. Qc3+ Ka2 80. Qc4+ Ka1 81. Qa4+ Kb1 82. Qd1+ Ka2 83. Qa4+ Kb1 84. Qd1+ Ka2 85. Qa4+ Kb1 1/2-1/2


[Site "https://www.chess.com"]

[Event "Titled Tuesday Blitz November 15 Early 2022"]
[White "Aumann, Welf"]
[Black "Cruz, Jonathan"]
[WhiteFideId "4634071"]
[BlackFideId "3802124"]
[WhiteElo "2263"]
[BlackElo "2406"]
[Result "0-1"]
[Round "03"]
[TimeControl "180+1"]
[Date "2022.11.16"]
[WhiteClock "0:00:02"]
[BlackClock "0:00:14"]

1. c4 c6 2. g3 d5 3. Bg2 Nf6 4. Nf3 g6 5. b3 Bg7 6. Bb2 O-O 7. d3 b6 8. Nbd2 Bb7 9. O-O c5 10. cxd5 Bxd5 11. a3 Nc6 12. Nc4 Qd7 13. Qc2 Rfd8 14. e4 Be6 15. Rad1 Rac8 16. Nfe5 Nxe5 17. Nxe5 Qb5 18. Nc4 Nd7 19. Bxg7 Kxg7 20. f4 Nb8 21. f5 Bxc4 22. dxc4 Qe8 23. e5 Nc6 24. f6+ exf6 25. exf6+ Kg8 26. Rde1 Qf8 27. Bxc6 Rxc6 28. Qf2 Rdd6 29. Qf4 Rxf6 30. Qxf6 Rxf6 31. Rxf6 Qd8 32. Rf3 Qd4+ 33. Rfe3 Kg7 34. Kg2 h5 35. h4 Qd2+ 36. R1e2 Qd6 37. a4 a6 38. Re7 Qc6+ 39. Kh2 Qf3 40. R7e3 Qf1 41. Re7 Qf5 42. R7e3 Qf6 43. Kg2 Qc6+ 44. Rf3 Qb7 45. Rf2 f5 46. Kh2 Kh6 47. Re3 Qc7 48. Rfe2 f4 49. gxf4 Qxf4+ 50. Kh3 Qf5+ 51. Kg3 Qg4+ 52. Kh2 Qxh4+ 53. Kg1 Qg4+ 54. Kf1 Qf4+ 55. Ke1 Qf6 56. Kd1 Qa1+ 57. Kc2 Qf6 58. Kb1 Qf5+ 59. Ka2 h4 60. Rd3 Qxd3 0-1


[Site "https://www.chess.com"]

[Event "Titled Tuesday Blitz November 15 Early 2022"]
[White "Avazkhonov, Alikhon"]
[Black "Zivkovic, Nemanja"]
[WhiteFideId "14208504"]
[BlackFideId "942154"]
[WhiteElo "1739"]
[BlackElo "2372"]
[Result "0-1"]
[Round "03"]
[TimeControl "180+1"]
[Date "2022.11.16"]
[WhiteClock "0:00:07"]
[BlackClock "0:00:57"]

1. d4 Nf6 2. c4 e6 3. Nc3 Bb4 4. e3 O-O 5. Bd2 d5 6. Nf3 b6 7. cxd5 exd5 8. Rc1 Bb7 9. Ne5 Nbd7 10. Bd3 Nxe5 11. dxe5 Nd7 12. f4 Nc5 13. Bc2 d4 14. exd4 Qxd4 15. a3 Bxg2 16. axb4 Bxh1 17. bxc5 Qg1+ 18. Ke2 Qxh2+ 19. Ke3 Qg3+ 20. Kd4 Bc6 21. cxb6 Qf2+ 22. Be3 Rad8+ 23. Kc4 Qxe3 24. Qh5 g6 25. Qh6 Qxc1 0-1


[Site "https://www.chess.com"]

[Event "Titled Tuesday Blitz November 15 Early 2022"]
[White "Averjanov, Alexey"]
[Black "Guimaraes, Wagner Peixoto"]
[WhiteFideId "14109867"]
[BlackFideId "2100940"]
[WhiteElo "2620"]
[BlackElo "2231"]
[Result "1-0"]
[Round "03"]
[TimeControl "180+1"]
[Date "2022.11.16"]
[WhiteClock "0:02:39"]
[BlackClock "0:01:48"]

1. d4 Nf6 2. c4 c5 3. d5 b5 4. Nf3 d6 5. a4 b4 6. b3 g6 7. Bb2 Bg7 8. Nbd2 O-O 9. e4 a5 10. Be2 e6 11. O-O e5 12. Ne1 Nbd7 13. Nd3 Ne8 14. Qc2 f5 15. f4 fxe4 16. Nxe4 Ndf6 17. Nxf6+ Nxf6 18. fxe5 Ne4 19. Rxf8+ Qxf8 20. Rf1 Qe7 21. e6 Bxb2 22. Qxb2 Nc3 23. Bg4 Qg5 24. Qf2 1-0


[Site "https://www.chess.com"]

[Event "Titled Tuesday Blitz November 15 Early 2022"]
[White "Avila Rodriguez, Joshua Ad"]
[Black "Sailer, Mike"]
[WhiteFideId "5126444"]
[BlackFideId "2012901"]
[WhiteElo "2125"]
[BlackElo "2109"]
[Result "0-1"]
[Round "03"]
[TimeControl "180+1"]
[Date "2022.11.16"]
[WhiteClock "0:00:02"]
[BlackClock "0:00:13"]

1. d4 d5 2. c4 Bf5 3. cxd5 Bxb1 4. Rxb1 Qxd5 5. Ra1 Nc6 6. e3 O-O-O 7. Qf3 e5 8. Qxd5 Rxd5 9. Bc4 Bb4+ 10. Ke2 Rd7 11. a3 Ba5 12. d5 Nce7 13. b4 Bb6 14. Bb2 Nxd5 15. Bxe5 Ngf6 16. Nf3 Re8 17. Rac1 Ng4 18. Bd4 Bxd4 19. Nxd4 Ndxe3 20. fxe3 Rxe3+ 21. Kd2 Rxd4+ 22. Kc2 Rxc4+ 23. Kb2 Re2+ 24. Kb3 Rxc1 25. Rxc1 Rxg2 26. h3 Rg3+ 27. Kb2 Rxh3 28. Rc4 h5 29. Rf4 f6 30. Re4 Re3 31. Rd4 f5 32. Rd5 g6 33. Rd4 h4 34. Rd2 h3 35. Rd1 h2 36. Rh1 Rg3 0-1


[Site "https://www.chess.com"]

[Event "Titled Tuesday Blitz November 15 Early 2022"]
[White "Baches Garcia, Guillermo"]
[Black "Sargsyan, Anna M."]
[WhiteFideId "2209764"]
[BlackFideId "13308130"]
[WhiteElo "2430"]
[BlackElo "2284"]
[Result "1-0"]
[Round "03"]
[TimeControl "180+1"]
[Date "2022.11.16"]
[WhiteClock "0:00:20"]
[BlackClock "0:00:01"]

1. e4 c6 2. d4 d5 3. e5 Bf5 4. Be3 e6 5. Nd2 Nd7 6. Be2 h6 7. Ngf3 Qc7 8. Nb3 Ne7 9. O-O g5 10. Rc1 Bg7 11. c4 O-O-O 12. c5 f6 13. exf6 Bxf6 14. Bd2 Rdg8 15. Ba5 Qb8 16. Bd3 e5 17. dxe5 Nxe5 18. Bxf5+ Nxf5 19. Nfd4 Nxd4 20. Nxd4 Kd7 21. Qc2 Ke7 22. Rce1 Kf7 23. f4 gxf4 24. Rxf4 Rg6 25. Qf5 Kg7 26. Ne6+ Kh7 27. Rxe5 Qxe5 28. Qxe5 Bxe5 29. Rf7+ Kg8 30. Rf8+ Kh7 31. Rf7+ Bg7 32. Bc3 Rg8 33. Nf4 Rg4 34. g3 d4 35. Bxd4 1-0


[Site "https://www.chess.com"]

[Event "Titled Tuesday Blitz November 15 Early 2022"]
[White "Bacrot, Etienne"]
[Black "Taboas Rodriguez, Daniel"]
[WhiteFideId "605506"]
[BlackFideId "2208466"]
[WhiteElo "2847"]
[BlackElo "2560"]
[Result "1/2-1/2"]
[Round "03"]
[TimeControl "180+1"]
[Date "2022.11.16"]
[WhiteClock "0:00:06"]
[BlackClock "0:00:04"]

1. e4 e5 2. Nf3 Nc6 3. Bb5 Nf6 4. O-O Nxe4 5. Re1 Nd6 6. Nxe5 Be7 7. Bf1 Nxe5 8. Rxe5 O-O 9. Nc3 Ne8 10. Nd5 Bd6 11. Re2 c6 12. Ne3 Bc7 13. Nf5 d5 14. Ne7+ Kh8 15. Nxc8 Rxc8 16. d3 Nd6 17. g3 Re8 18. Bd2 Qd7 19. Rxe8+ Rxe8 20. Qf3 Qf5 21. Qxf5 Nxf5 22. Kg2 Kg8 23. a4 Nd4 24. Rc1 f5 25. Be3 Ne6 26. b4 f4 27. Bd2 Kf7 28. c3 g5 29. Kf3 h5 30. g4 hxg4+ 31. Kxg4 Rh8 32. h3 Rh4+ 33. Kf3 Kf6 34. Re1 g4+ 35. hxg4 Ng5+ 36. Ke2 Rxg4 37. Bc1 Rg1 38. c4 d4 39. f3 Rh1 40. Kf2 Rh2+ 41. Bg2 Rh8 42. Bb2 Be5 43. a5 Kf5 44. Rb1 Bf6 45. Ba3 Re8 46. Bc1 Nf7 47. Bh3+ Ke5 48. Bd2 Bh4+ 49. Kf1 Bg3 50. Be1 Kf6 51. Bxg3 fxg3 52. Kg2 Re3 53. Rd1 Ne5 54. Bc8 b6 55. axb6 axb6 56. c5 bxc5 57. bxc5 Rxd3 58. Rh1 Rxf3 59. Rh6+ Kg5 60. Re6 Re3 61. Bb7 d3 62. Bxc6 d2 63. Ba4 Kf4 64. c6 Nxc6 65. Rxc6 Re2+ 66. Kf1 g2+ 67. Kxe2 g1=Q 68. Rc4+ Ke5 69. Kxd2 Qf2+ 70. Kc3 Qe1+ 71. Kb3 Qb1+ 72. Ka3 Qa1+ 73. Kb3 Qb1+ 74. Kc3 Qa1+ 75. Kb4 Qb2+ 76. Kc5 Qb8 77. Bb5 Qa7+ 78. Kb4 Qe7+ 79. Kb3 Qb7 80. Kb4 Qe7+ 81. Kb3 Qb7 82. Rb4 Kd6 83. Ka4 Qa7+ 84. Kb3 Qc5 85. Ba4 Qxb4+ 86. Kxb4 1/2-1/2


[Site "https://www.chess.com"]

[Event "Titled Tuesday Blitz November 15 Early 2022"]
[White "Beerdsen, Thomas"]
[Black "Ristic, Nebojsa B"]
[WhiteFideId "1030108"]
[BlackFideId "935468"]
[WhiteElo "2567"]
[BlackElo "2320"]
[Result "1-0"]
[Round "03"]
[TimeControl "180+1"]
[Date "2022.11.16"]
[WhiteClock "0:02:01"]
[BlackClock "0:02:08"]

1. e4 Nc6 2. Nc3 d6 3. d4 Nf6 4. Nf3 g6 5. h3 Bg7 6. Be3 O-O 7. Qd2 a6 8. Bh6 b5 9. a3 Bb7 10. Bd3 e5 11. d5 Na5 12. h4 c5 13. b4 cxb4 14. axb4 Nc4 15. Bxc4 bxc4 16. h5 Qd7 17. Bxg7 Kxg7 18. Qg5 Qg4 19. h6+ Kg8 20. Qxf6 1-0


[Site "https://www.chess.com"]